 Dungeon Crawl Stone Soup version 0.30.1-4-g462c640d31 (webtiles) character file.

Game seed: 10186742211360219847

13436 spardeous the Placeless Demigod (level 11, -3/74 HPs)
             Began as a Demigod Conjurer on Aug 14, 2023.
             Succumbed to a black mamba's poison
             ... on level 1 of the Lair of Beasts.
             The game lasted 00:18:18 (15524 turns).

spardeous the Placeless Demigod (Demigod Conjurer) Turns: 15524, Time: 00:18:18

Health: -3/74      AC: 11    Str: 12    XL:     11   Next: 47%
Magic:  8/29       EV: 10    Int: 33    God:
Gold:   556        SH:  3    Dex: 12    Spells: 19/30 levels left

rFire   + + .        S - +3 flail "Epten" {speed, rF+ rCorr Int+5}
rCold   . . .        g - +0 buckler
rNeg    . . .        Q - +0 acid dragon scales
rPois   .            y - +0 hat
rElec   .            q - +1 cloak
rCorr   +            a - +1 pair of gloves
SInv    .            c - +0 pair of boots
Will    ++...        j - amulet of regeneration
Stlth   +            B - ring of protection from fire
HPRegen 1.12/turn    H - ring of willpower
MPRegen 0.21/turn

%: no passive effects
@: lethally poisoned (-3 -> -35)
A: high MP 1, forlorn, divine attributes
a: no special abilities


You were on level 1 of the Lair of Beasts.
You visited 2 branches of the dungeon, and saw 13 of its levels.

You collected 734 gold pieces.
You spent 178 gold pieces at shops.

Inventory:

Hand Weapons
 f - a +1 dagger of flaming
 i - a +4 dagger
 S - the +3 flail "Epten" (weapon) {speed, rF+ rCorr Int+5}
   (You bought it in a shop on level 10 of the Dungeon)

   Int:       It affects your intelligence (+5).
   rF:        It protects you from fire.
   rCorr:     It protects you from acid and corrosion.
Missiles
 A - 2 throwing nets
Armour
 a - a +1 pair of gloves (worn)
 c - a +0 pair of boots (worn)
 d - a +0 ring mail
 g - a +0 buckler (worn)
 q - a +1 cloak (worn)
 y - a +0 hat (worn)
 C - a +1 leather armour of poison resistance
 Q - +0 acid dragon scales (worn)
Jewellery
 j - an amulet of regeneration (around neck)
 B - a ring of protection from fire (left hand)
 H - a ring of willpower (right hand)
 J - a ring of protection from cold
 N - a ring of willpower
Wands
 p - a wand of paralysis (4)
 t - a wand of flame (18)
 D - a wand of roots (14)
 G - a wand of mindburst (17)
Scrolls
 e - 2 scrolls of enchant weapon
 h - 3 scrolls of amnesia
 n - 4 scrolls of vulnerability {unknown}
 o - 2 scrolls of fog
 r - 2 scrolls of blinking
 v - 3 scrolls of teleportation
 w - 3 scrolls of magic mapping
 z - a scroll of immolation
 L - a scroll of silence
 O - a scroll of noise
Potions
 b - a potion of magic
 k - 5 potions of curing
 l - 2 potions of mutation {unknown}
 m - 3 potions of flight {unknown}
 u - 3 potions of cancellation {unknown}
 x - a potion of lignification {unknown}
 F - 4 potions of brilliance {unknown}
 I - a potion of heal wounds
 K - a potion of degeneration {unknown}
 M - 2 potions of might {unknown}
 P - a potion of attraction {unknown}
Miscellaneous
 R - a box of beasts


   Skills:
 - Level 1.7 Dodging
 - Level 1.7 Stealth
 - Level 10.0 Spellcasting
 - Level 10.1 Conjurations
 + Level 10.4 Translocations


You had 19 spell levels left.
You knew the following spells:

 Your Spells              Type           Power      Damage    Failure   Level
a - Magic Dart            Conj           100%       1d8       1%          1
b - Searing Ray           Conj           100%       2d8       1%          2
c - Iskenderun's Mystic   Conj/Tloc      71%        2d14      1%          4
d - Fulminant Prism       Conj/Hex       24%        3d12      8%          4

Your spell library contained the following spells:

 Spells                   Type           Power      Damage    Failure   Level
 Dazzling Flash           Conj/Hex       98%        N/A       2%          3
 Mephitic Cloud           Conj/Pois/Air  38%        N/A       4%          3
 Necrotise                Necr           64%        1d7       6%          1
 Poisonous Vapours        Pois/Air       32%        N/A       10%         2
 Summon Guardian Golem    Hex/Summ       16%        N/A       19%         3
 Vampiric Draining        Necr           16%        2d7       19%         3
 Freezing Cloud           Conj/Ice/Air   19%        6-21      41%         5
 Summon Ice Beast         Ice/Summ       16%        N/A       52%         4
 Orb of Destruction       Conj           35%        9d10      63%         7
 Agony                    Necr           16%        N/A       86%         5
 Summon Mana Viper        Hex/Summ       16%        N/A       86%         5
 Monstrous Menagerie      Summ           8%         N/A       100%        7
 Spellforged Servitor     Conj/Summ      24%        N/A       100%        7


Dungeon Overview and Level Annotations

Branches:
Dungeon (11/15)            Temple (0/1) D:6            Lair (2/5) D:11
    Orc (0/2) D:11
  Swamp: Lair:2-3    Shoals: Lair:2-3     Snake: Lair:2-3    Spider: Lair:2-3

Shops:
D:10 (

Annotations:
D:1 2 transporters
Lair:1 Grum, Maggie


Innate Abilities, Weirdness & Mutations

You have an increased reservoir of magic. (+10% MP)
You shall have no god before yourself.
Your divine heritage dramatically boosts your attributes as you level up.


Message History

You are more poisoned.
The black mamba poisons you!
You take 20 damage, and have 54/74 hp.
MASSIVE DAMAGE!!
Casting: Iskenderun's Mystic Blast (dangerous; 1% risk of failure)
Confirm with . or Enter, or press ? or * to list all spells.
You erupt in a blast of force!
The mystic blast hits the black mamba!
The black mamba is severely wounded.
The black mamba is knocked back by the mystic blast.
The black mamba slams into the rock wall!
The black mamba is almost dead.
You feel extremely sick.
You hear a howl!
You take 7 damage, and have 47/74 hp.
You now have 15/29 mp.
You feel extremely sick. The black mamba bites you!
* * * LOW HITPOINT WARNING * * *
You are lethally poisoned!
The black mamba poisons you! You block the black mamba's attack.
You take 16 damage, and have 31/74 hp.
MASSIVE DAMAGE!!
Casting: Iskenderun's Mystic Blast (dangerous; 1% risk of failure)
Confirm with . or Enter, or press ? or * to list all spells.
You erupt in a blast of force!
The mystic blast hits the black mamba but does no damage.
The black mamba is almost dead.
* * * LOW HITPOINT WARNING * * *
You feel extremely sick. The black mamba bites you.
* * * LOW HITPOINT WARNING * * *
You are more poisoned.
The black mamba poisons you!
Grum cheerfully says, "No dog meat for Grum tonight!"
You take 14 damage, and have 17/74 hp.
You now have 12/29 mp.
Casting: Iskenderun's Mystic Blast (dangerous; 1% risk of failure)
Confirm with . or Enter, or press ? or * to list all spells.
You erupt in a blast of force!
The mystic blast hits the black mamba!
You kill the black mamba!
* * * LOW HITPOINT WARNING * * *
You feel extremely sick.
You hear a howl! x2
You die...

.h.........#
..g........#
..h........#
...........#
...........##
.##.........#
#.........##
#.........#
#.....@...#
#.........#
.......#...#
....... ...#
....... ...#
. .......
...# .
.####.# ...#
. .. ...# #


You could see Grum and a wolf.

Vanquished Creatures
  A two-headed ogre (D:9)
  A skyshark (Lair:1)
  A cyclops (D:11)
  A black mamba (Lair:1)
  A gargoyle (D:10)
  A cane toad (Lair:1)
  A komodo dragon (D:11)
  A rime drake (Lair:1)
  A troll (D:11)
  Prince Ribbit (D:7)
  A polar bear (Lair:1)
  A hornet (D:9)
  3 blink frogs (Lair:1)
  A wraith (D:11)
  21 yaks
  3 vampire mosquitoes (D:11)
  2 steam dragons
  3 acid dragons
  4 water moccasins
  Duvessa (D:7)
  6 orc warriors
  An ice beast (D:8)
  A sky beast (D:6)
  3 black bears
  3 ogres
  2 centaurs
  A phantom (D:5)
  6 kobold brigands
  2 bullfrogs (D:7)
  2 gnoll sergeants
  A scorpion (D:5)
  4 wights (D:6)
  Dowan (D:7)
  17 killer bees
  7 howler monkeys
  4 hounds
  4 orc priests
  Crazy Yiuf (D:5)
  A jelly (D:7)
  A gnoll bouda (D:9)
  6 iguanas
  2 sleepcaps
  9 orc wizards
  8 adders
  17 gnolls
  A shadow imp (D:6)
  A white imp (D:6)
  An ufetubus (D:5)
  2 worms
  A dart slug (D:1)
  29 orcs
  4 endoplasms
  3 giant cockroaches
  9 goblins
  8 hobgoblins
  3 jackals (D:4)
  3 quokkas
  5 ball pythons
  4 bats
  2 frilled lizards (D:6)
  33 kobolds
  6 rats
275 creatures vanquished.

Notes
Turn   | Place    | Note
-------+----------+-------------------------------------------
     0 | D:1      | spardeous the Demigod Conjurer began the quest for the Orb.
     0 | D:1      | Reached XP level 1. HP: 14/14 MP: 5/5
   292 | D:1      | Reached XP level 2. HP: 20/20 MP: 1/7
  1031 | D:2      | You fall into a shaft and drop 1 floor!
  1217 | D:3      | Learned a level 2 spell: Searing Ray
  1308 | D:3      | Reached XP level 3. HP: 26/26 MP: 5/9
  1704 | D:3      | Reached XP level 4. HP: 33/33 MP: 9/11
  2332 | D:4      | Noticed an ogre
  2339 | D:4      | Killed an ogre
  2340 | D:4      | Reached skill level 5 in Conjurations
  2340 | D:4      | Reached XP level 5. HP: 38/38 MP: 5/13
  3215 | D:5      | Entered Level 5 of the Dungeon
  3225 | D:5      | Reached XP level 6. HP: 34/45 MP: 6/15
  3677 | D:4      | Reached XP level 7. HP: 39/50 MP: 8/17
  3740 | D:4      | Reached skill level 5 in Spellcasting
  3844 | D:4      | Learned a level 4 spell: Iskenderun's Mystic Blast
  3855 | D:4      | Reached skill level 1 in Translocations
  4786 | D:5      | Found a runed translucent door.
  4787 | D:5      | Noticed Crazy Yiuf
  5259 | D:5      | Reached skill level 5 in Translocations
  5259 | D:5      | Reached XP level 8. HP: 57/57 MP: 12/19
  7144 | D:6      | Reached XP level 9. HP: 47/62 MP: 5/20
  7366 | D:6      | Found a staircase to the Ecumenical Temple.
  7842 | D:5      | Killed Crazy Yiuf
  8085 | D:7      | Noticed Duvessa
  8152 | D:7      | Noticed Dowan
  8187 | D:7      | Noticed Prince Ribbit
  8347 | D:7      | Killed Duvessa
  8432 | D:7      | Killed Prince Ribbit
  8436 | D:7      | Killed Dowan
 10473 | D:9      | Noticed a two-headed ogre
 10642 | D:9      | Reached skill level 10 in Conjurations
 10645 | D:9      | Reached XP level 10. HP: 62/69 MP: 1/22
 10815 | D:9      | Killed a two-headed ogre
 11708 | D:10     | Entered Level 10 of the Dungeon
 11783 | D:10     | Learned a level 4 spell: Fulminant Prism
 12192 | D:10     | Found Iraust's Antique Weapon Emporium.
 12868 | D:10     | Bought a fine flail for 178 gold pieces
 12868 | D:10     | Identified the +3 flail "Epten" {speed, rF+ rCorr Int+5}
                  | (You bought it in a shop on level 10 of the Dungeon)
 13274 | D:11     | Noticed a cyclops
 13293 | D:11     | Killed a cyclops
 13705 | D:11     | Reached XP level 11. HP: 74/74 MP: 15/29
 13864 | D:11     | Found a staircase to the Orcish Mines.
 13881 | D:11     | Reached skill level 10 in Spellcasting
 14133 | D:11     | Noticed a boulder beetle
 14621 | D:11     | Found a staircase to the Lair.
 15031 | Lair:1   | Entered Level 1 of the Lair of Beasts
 15184 | Lair:1   | Noticed Grum
 15184 | Lair:1   | You fall into a shaft and drop 1 floor!
 15295 | Lair:1   | Reached skill level 10 in Translocations
 15374 | Lair:1   | Noticed Maggie
 15485 | Lair:1   | Noticed a skyshark
 15491 | Lair:1   | Killed a skyshark
 15524 | Lair:1   | Succumbed to a black mamba's poison

Illustrated notes

Levels and vault maps discovered:
D:1:      spicycebolla_arrival_transporter_tutorial, layout_rooms,
          minmay_gold_behind_fungi
D:2:      layout_loops_cross, minmay_bisected
D:3:      layout_basic, grunt_temple_overflow_open, grunt_ministairs_10,
          corexii_shack
D:4:      layout_basic, corexii_hall_statues_l
D:5:      layout_layer_cave, mainiacjoe_overflow_boulevard, minivault_11,
          kennysheep_doodads, st_stairs_4, uniq_crazy_yiuf_cottage
D:6:      cheibrodos_thug_alley, layout_loops_cross, lemuel_doored_altar,
          marbit_many_paths, minmay_temple_entry_butterflies,
          lexackson_kobold_supper
D:7:      layout_cave_pools, uniq_duvessa, uniq_prince_ribbit1
D:8:      layout_basic, serial_corexii_hall, chequers_hall_statues_wall_a,
          chequers_hall_statues_y
D:9:      layout_irregular_city, serial_column_ruins, column_ruins_open_small,
          column_ruins_grid_1, column_ruins_grid_1, column_ruins_open_small,
          column_ruins_grid_1
D:10:     layout_long_grid, kennysheep_mini, nicolae_overflow_crystal_walls,
          serial_shops, nicolae_diamond_shop
D:11:     layout_irregular_city, david_lair_shrubbed, david_orc_2,
          minmay_between
Lair:1:   layout_regular_city, serial_bayou_shore_b, uniq_grum, uniq_maggie
Lair:2:   layout_layer_cave, dummy_spider_entry, ldierk_geyser

Skill      XL: |  1  2  3  4  5  6  7  8  9 10 11 |
---------------+----------------------------------+-----
Spellcasting   | 2 3 4 5 9 10 | 10.0
Conjurations   | 4 5 6 10 | 10.1
Translocations | 5 8 10 | 10.4
Dodging        | |  1.7
Stealth        | |  1.7

Action                     |  1- 3 |  4- 6 |  7- 9 | 10-12 || total
---------------------------+-------+-------+-------+-------++-------
  Melee: Dagger            |    10 |       |    98 |    11 ||   119
         Punch             |       |       |     4 |       ||     4
         Flail             |       |       |       |    41 ||    41
   Cast: Magic Dart        |    78 |    52 |    52 |     7 ||   189
         Searing Ray       |     1 |    16 |   100 |    14 ||   131
         Iskenderun's Myst |       |       |    12 |   116 ||   128
    Use: Potion            |       |       |     2 |       ||     2
         Scroll            |       |       |     8 |     3 ||    11
 Armour: Ring mail         |    12 |    15 |    80 |       ||   107
         Leather armour    |       |       |    10 |     4 ||    14
         Acid dragon scale |       |       |       |    38 ||    38
  Dodge: Dodged            |    16 |    38 |   105 |    62 ||   221
  Block: Buckler           |       |       |     4 |    16 ||    20
